 Dungeon Crawl Stone Soup version 0.31-a0-692-gf03d1854d5 (webtiles) character file.

Game seed: 12991599063380200574

2 qw the Shooter (level 1, 0/12 HPs)
             Began as a Gargoyle Hunter on Sept 6, 2023.
             Slain by a rat (2 damage)
             ... on level 1 of the Dungeon.
             The game lasted 00:00:02 (46 turns).

qw the Shooter (Gargoyle Hunter)                      Turns: 46, Time: 00:00:03

Health: 0/12       AC:  5    Str: 14    XL:     1   Next: 30%
Magic:  1/1        EV: 11    Int:  9    God:
Gold:   14         SH:  0    Dex: 13    Spells: 0/0 levels left

rFire   . . .        a - +0 shortbow
rCold   . . .        (shield currently unavailable)
rNeg    + . .        c - +0 leather armour
rPois   inf          (no helmet)
rElec   +            (no cloak)
rCorr   .            (no gloves)
SInv    .            (no boots)
Will    .....        (no amulet)
Stlth   +            (no ring)
HPRegen 0.22/turn    (no ring)
MPRegen 0.07/turn

%: no passive effects
@: no status effects
A: sickness immunity, AC +2, negative energy resistance 1, electricity
resistance, torment resistance 1, petrification resistance
a: no special abilities


You were on level 1 of the Dungeon.
You visited 1 branch of the dungeon, and saw 1 of its levels.

You collected 14 gold pieces.


Innate Abilities, Weirdness & Mutations

You are immune to sickness and miasma.
Your stone body is resilient. (AC +2)
You are immune to poison.
You resist negative energy. (rN+)
You are resistant to electric shocks. (rElec)
You are resistant to unholy torment.
You are immune to petrification.


   Skills:
 - Level 2.1 Fighting
 + Level 4.1 Ranged Weapons
 - Level 1.5 Dodging
 - Level 1.1 Stealth


You couldn't memorise any spells.
You didn't know any spells.
Your spell library was empty.

Inventory:

Hand Weapons
 a - a +0 shortbow (weapon)
Armour
 c - a +0 leather armour (worn)
Scrolls
 b - a scroll of butterflies
Potions
 d - a potion of curing {unknown}

Dungeon Overview and Level Annotations

Branches:
Dungeon (1/15)

Altars:


Message History

A ball python comes into view.
You shoot an arrow. The arrow barely misses the gnoll.
The ball python hisses angrily.
The gnoll misses you.
You shoot an arrow. The arrow hits the gnoll.
The gnoll is moderately wounded.
The gnoll hits you but does no damage.
The kobold throws a stone.
The stone barely misses you.
You shoot an arrow.
The arrow hits the gnoll but does no damage.
The gnoll is moderately wounded.
A rat comes into view.
The gnoll misses you.
38 |||
Found retreat position at 2,-2 (floor) with 0 blocking monsters and 1 monsters attacking at destination at distance 3
38 ||| Stepping ~*~*~tactically~*~*~ (retreating).
39 |||
Found retreat position at 1,-2 (floor) with 0 blocking monsters and 1 monsters attacking at destination at distance 2
39 ||| Stepping ~*~*~tactically~*~*~ (retreating).
40 |||
Found retreat position at 0,-1 (floor) with 0 blocking monsters and 1 monsters attacking at destination at distance 1
40 ||| Stepping ~*~*~tactically~*~*~ (retreating).
The kobold throws a stone.
The stone hits you but does no damage.
You shoot an arrow. The arrow barely misses the gnoll.
You shoot an arrow. The arrow hits the gnoll.
The gnoll is severely wounded.
The gnoll misses you. The gnoll hits you with a +0 club.
You shoot an arrow. The arrow closely misses the gnoll.
The arrow closely misses the kobold.
The gnoll hits you but does no damage.
44 |||
Found retreat position at 0,-3 (floor) with 0 blocking monsters and 1 monsters attacking at destination at distance 3
44 ||| Stepping ~*~*~tactically~*~*~ (retreating).
The ball python closely misses you. The ball python barely misses you.
The ball python bites you but does no damage.
The ball python grabs you. The ball python constricts you.
You shoot an arrow. The arrow hits the ball python.
You kill the ball python!
The gnoll hits you with a +0 club.
You shoot an arrow. The arrow hits the gnoll.
The gnoll is severely wounded.
The gnoll hits you but does no damage. The gnoll hits you with a +0 club.
The rat bites you.
You die...

#.##..#...#..#
#.##.........#
#.##.........#
#.##..#...#..#
#.##..¤¤0....# #
#.....0¤0~..... ..####
#.##..#$8.#..###
......###.##.........#
#.......r@#####+#+####
........#g#
..#..#..#K#.##
#..).S.....#
#.#.#...##.# #...$.#.#
.. #...#...# .#
..r....... #
....#####.##


You could see a gnoll, a kobold and a rat.

Vanquished Creatures
  A goblin (D:1)
  A ball python (D:1)
2 creatures vanquished.

Notes
Turn   | Place    | Note
-------+----------+-------------------------------------------
     0 | D:1      | qw the Gargoyle Hunter began the quest for the Orb.
     0 | D:1      | Reached XP level 1. HP: 12/12 MP: 1/1
     0 | D:1      | 0 ||| qw: Version: 0.3-a-76-g4403597
     0 | D:1      | 0 ||| qw: Game counter: 211
     0 | D:1      | 0 ||| qw: Melee chars always use a shield: true
     0 | D:1      | 0 ||| qw: God list: Okawaru
     0 | D:1      | 0 ||| qw: Allow faded altars: false
     0 | D:1      | 0 ||| qw: Do Orc after clearing Dungeon:15 true
     0 | D:1      | 0 ||| qw: Do second Lair branch before Depths: true
     0 | D:1      | 0 ||| qw: Lair rune preference: random
     0 | D:1      | 0 ||| qw: Goals: Normal
     0 | D:1      | 0 ||| PLANNING D:1-11
    38 | D:1      | 38 ||| Stepping ~*~*~tactically~*~*~ (retreating).
    39 | D:1      | 39 ||| Stepping ~*~*~tactically~*~*~ (retreating).
    40 | D:1      | 40 ||| Stepping ~*~*~tactically~*~*~ (retreating).
    44 | D:1      | 44 ||| Stepping ~*~*~tactically~*~*~ (retreating).
    46 | D:1      | HP: 2/12 [gnoll/+0 club (5)]
    46 | D:1      | Slain by a rat

Levels and vault maps discovered:
D:1:      shiori_arrival_oz, layout_loops_ring, dreamdust_wishing_well,
          roderic_nine_men_s_morris, st_stairs_4, hangedman_decor_lopped

Action                     || total
---------------------------++-------
   Fire: Shortbow          ||    13
 Armour: Leather armour    ||     9
  Dodge: Dodged            ||     6

Table legend:
 A = Non-vault XP
 B = Vault XP
 C = Vault XP percentage of total XP
 D = Non-vault monster count
 E = Vault monster count
 F = Vault count percentage of total count
                 A         B        C        D         E       F
            +---------+---------+-------+---------+---------+-------
      Total |       3 |       0 |   0.0 |       2 |       0 |   0.0
            +---------+---------+-------+---------+---------+-------
        D:1 |       3 |       0 |   0.0 |       2 |       0 |   0.0
            +---------+---------+-------+---------+---------+-------
